 Dungeon Crawl Stone Soup version 0.31-a0-875-g02e7d12df6 (webtiles) character file.

Game seed: 271532582738431922

3303 IdlyInterested the Destroyer (level 9, -4/71 HPs)
             Began as a Demonspawn Wanderer on Oct 12, 2023.
             Slain by an orc warrior
             ... wielding a +0 glaive
              (7 damage)
             ... on level 6 of the Dungeon.
             The game lasted 00:31:25 (7180 turns).

IdlyInterested the Destroyer (Demonspawn Wanderer)  Turns: 7180, Time: 00:31:26

Health: -4/71      AC: 13    Str: 13    XL:     9   Next: 70%
Magic:  23/27      EV: 13    Int: 14    God:
Gold:   310        SH:  0    Dex: 14    Spells: 8/20 levels left

rFire   + . .        i - +2 mace (protect)
rCold   + . .        z - orb {light}
rNeg    . . .        J - +1 robe of Ilare {rF+ rC+ MP+9 Int-2}
rPois   .            (no helmet)
rElec   .            v - +0 cloak
rCorr   .            D - +0 pair of gloves
SInv    .            (no boots)
Will    .....        p - amulet of magic regeneration
Stlth   +            F - +4 ring of slaying
HPRegen 0.31/turn    (no ring)
MPRegen 0.60/turn

%: no passive effects
@: under a protective aura, glowing
A: rugged brown scales 1, foul stench 1, weakness stinger 2
a: no special abilities


You were on level 6 of the Dungeon.
You visited 1 branch of the dungeon, and saw 6 of its levels.

You collected 310 gold pieces.

Inventory:

Hand Weapons
 a - a +0 dagger
 i - a +2 mace of protection (weapon)
 o - a +0 whip of draining
 r - a +0 rapier
 y - a +0 war axe
 G - a +2 hand axe of electrocution
 I - a +0 falchion
 N - a +0 whip of freezing
 P - a +2 vampiric short sword
Missiles
 d - 4 boomerangs
 k - 53 stones
 C - 8 poisoned darts
Armour
 h - a +0 leather armour of poison resistance
 n - a +0 plate armour
 s - a +0 chain mail
 v - a +0 cloak (worn)
 z - an orb of light (worn)
 D - a +0 pair of gloves (worn)
 E - a +2 scale mail of cold resistance
 J - the +1 robe of Ilare (worn) {rF+ rC+ MP+9 Int-2}
   (You found it on level 4 of the Dungeon)

   Int-2:     It affects your intelligence (-2).
   rF+:       It protects you from fire.
   rC+:       It protects you from cold.
   MP+9:      It affects your magic capacity (+9).
Jewellery
 p - an amulet of magic regeneration (around neck)
 F - a +4 ring of slaying (left hand)
Talismans
 t - a flux talisman
Wands
 Q - a wand of polymorph (8)
Scrolls
 c - a scroll of blinking
 e - a scroll of silence
 f - a scroll of fear
 g - 2 scrolls of enchant armour
 j - 2 scrolls of immolation
 l - a scroll of revelation
 x - 3 scrolls of teleportation
 L - 2 scrolls of poison
 O - a scroll of noise {unknown}
Potions
 b - 3 potions of curing
 m - a potion of enlightenment {unknown}
 q - a potion of cancellation {unknown}
 u - 2 potions of ambrosia {unknown}
 w - a potion of invisibility {unknown}
 A - a potion of brilliance
 B - a potion of heal wounds {unknown}
 H - a potion of haste
 K - a potion of berserk rage {unknown}
 M - a potion of degeneration {unknown}


   Skills:
 * Level 6.0 Fighting
 - Level 1.0 Throwing
 - Level 1.0 Armour
 - Level 4.0 Dodging
 - Level 1.0 Stealth
 - Level 6.0 Spellcasting
 + Level 8.9 Conjurations
 - Level 2.0 Hexes
 - Level 2.0 Necromancy
 * Level 1.2 Fire Magic
 - Level 1.0 Air Magic
 - Level 4.0 Evocations


You had 8 spell levels left.
You knew the following spells:

 Your Spells              Type           Power      Damage    Failure   Level
a - Kiss of Death         Conj/Necr      76%        2d11      1%          1
b - Shock                 Conj/Air       72%        1d7       1%          1
c - Magic Dart            Conj           100%       1d8       1%          1
d - Searing Ray           Conj           58%        2d6       1%          2
e - Dazzling Flash        Conj/Hex       38%        N/A       4%          3
f - Fulminant Prism       Conj/Hex       9%         3d7       17%         4

Your spell library contained the following spells:

 Spells                   Type           Power      Damage    Failure   Level
 Gell's Gravitas          Tloc           4%         N/A       43%         3
 Teleport Other           Tloc           4%         N/A       43%         3
 Agony                    Necr           9%         N/A       88%         5
 Silence                  Hex/Air        4%         N/A       93%         5
 Dispersal                Tloc           2%         N/A       100%        6
 Chain Lightning          Conj/Air       9%         3d12      100%        9
 Fire Storm               Conj/Fire      9%         8d2       100%        9
 Shatter                  Erth           2%         3d6*      100%        9


Dungeon Overview and Level Annotations

Branches:
Dungeon (6/15)
 Temple: D:4-7

Altars:
Dithmenos
Fedhas
Kikubaaqudgha
Nemelex Xobeh
Uskayaw
Vehumet
Yredelemnul

Shops:
D:4 :   D:6 [


Innate Abilities, Weirdness & Mutations

You are partially covered in rugged brown scales. (AC +1, +3% HP)
You may rarely emit foul miasma when damaged in melee.
You have a tail ending in a sharp stinger.


Message History

The orc warrior is moderately wounded.
The orc warrior hits you with a +0 glaive!
* * * LOW HITPOINT WARNING * * *
You feel better. The orc warrior misses you.
Casting: Searing Ray (safe; 1% risk of failure)
Confirm with . or Enter, or press ? or * to list all spells.
Casting: Dazzling Flash (dangerous; 4% risk of failure)
Press: ? - help, Dir - look around, f - activate The orc warrior is dazzled.
The orc warrior closely misses you.
You hit the orc warrior but do no damage.
Your weapon exudes an aura of protection.
The orc warrior is moderately wounded.
The orc warrior barely misses you.
You hit the orc warrior but do no damage.
The orc warrior is moderately wounded.
The orc warrior barely misses you.
The orc warrior hits you with a +0 glaive.
* * * LOW HITPOINT WARNING * * *
You barely miss the orc warrior.
The orc warrior is moderately wounded.
The orc warrior hits you with a +0 glaive!
* * * LOW HITPOINT WARNING * * *
You barely miss the orc warrior.
You tail-slap the orc warrior, but do no damage.
The orc warrior is moderately wounded.
The orc warrior is no longer blind.
The orc warrior hits you with a +0 glaive.
* * * LOW HITPOINT WARNING * * *
You emit a cloud of foul miasma!
The orc warrior is engulfed in dark miasma.
The orc warrior is poisoned.
The orc warrior seems to slow down.
The orc warrior hits you but does no damage.
You hit the orc warrior but do no damage.
The orc warrior is moderately wounded.
The orc warrior is no longer moving slowly.
Unknown command.
The orc warrior is engulfed in dark miasma.
The orc warrior looks even sicker.
The orc warrior hits you from afar with a +0 glaive!
You die...

#..#)..............#..#....#+###.
#..+...............##'#....#...#.
#..#.......................#...#.
####.........###'##....#####...+.
#....#'####....#....#...#...#.
#....#...#.....#....#..##...#.
#..###...#.....#....#..##...#.
#### #####.....#....#.......#.
##..@.#....#.......'.
#o...#....#..###'##.
...)....).#....#..##...#.
.....)....#....#.......##
.≈≈.......#....#.........
§§≈≈#.....#....'.........
≈≈#########....########## #
######


You could see an orc warrior (very poisoned).

Vanquished Creatures
  Pikel (D:4)
  The ghost of LeprechaunX the Changeling, a novice OpSh of Hepliaklqana (D:5)
  Grinder (D:3)
  Sigmund (D:2)
  Menkaure (D:6)
  A steam dragon (D:6)
  Duvessa (D:6)
  A water moccasin (D:6)
  An ice beast (D:6)
  3 black bears
  3 ogres (D:5)
  A centaur (D:5)
  A phantom (D:5)
  3 scorpions (D:5)
  Dowan (D:6)
  A howler monkey (D:6)
  4 hounds
  2 jellies (D:5)
  3 orc priests
  Terence (D:2)
  Jessica (D:3)
  Natasha (thrice) (D:3)
  3 iguanas (D:5)
  2 sleepcaps
  An orc wizard (D:6)
  7 adders
  2 ufetubi (D:6)
  3 worms
  2 dart slugs
  11 orcs
  4 bats
  5 endoplasms
  2 giant cockroaches
  5 goblins
  10 hobgoblins
  6 jackals
  4 quokkas
  7 ball pythons
  8 kobolds
  12 rats
130 creatures vanquished.

Vanquished Creatures (others)
  A fulminant prism (D:6)
1 creature vanquished.

Grand Total: 131 creatures vanquished

Notes
Turn   | Place    | Note
-------+----------+-------------------------------------------
     0 | D:1      | IdlyInterested the Demonspawn Wanderer began the quest for
                  | the Orb.
     0 | D:1      | IdlyInterested set off with the following items: a +0
                  | dagger, a potion of curing, a scroll of blinking, a +0
                  | robe, a scroll of silence; and the following spells
                  | available to memorise: Kiss of Death, Shock, Fulminant
                  | Prism.
     0 | D:1      | Reached XP level 1. HP: 16/16 MP: 3/3
     2 | D:1      | Learned a level 1 spell: Kiss of Death
     4 | D:1      | Learned a level 1 spell: Shock
   490 | D:1      | Gained mutation: You may rarely emit foul miasma when
                  | damaged in melee. [demonic ancestry]
   490 | D:1      | Reached XP level 2. HP: 20/23 MP: 5/5
   694 | D:1      | Reached skill level 1 in Armour
  1245 | D:2      | Gained mutation: You have a small tail. [demonic ancestry]
  1245 | D:2      | Reached XP level 3. HP: 26/29 MP: 6/6
  1255 | D:2      | Reached skill level 1 in Necromancy
  1333 | D:2      | Noticed Terence
  1346 | D:2      | Killed Terence
  1347 | D:2      | Gained mutation: You have a tail ending in a sharp stinger.
                  | [demonic ancestry]
  1347 | D:2      | Reached XP level 4. HP: 20/30 MP: 6/8
  1416 | D:2      | Learned a level 1 spell: Magic Dart
  1419 | D:2      | Learned a level 2 spell: Searing Ray
  1429 | D:2      | Reached skill level 1 in Air Magic
  1916 | D:2      | Noticed Sigmund
  1934 | D:2      | Killed Sigmund
  1935 | D:2      | Gained mutation: You are partially covered in rugged brown
                  | scales. (AC +1, +3% HP) [demonic ancestry]
  1935 | D:2      | Reached XP level 5. HP: 20/43 MP: 3/9
  2266 | D:3      | Noticed Natasha
  2660 | D:3      | Found a shadowy altar of Dithmenos.
  2699 | D:3      | Noticed Grinder
  2707 | D:3      | Paralysed by Grinder for 3 turns
  2713 | D:3      | Paralysed by Grinder for 3 turns
  2720 | D:3      | Paralysed by Grinder for 5 turns
  2725 | D:3      | Killed Grinder
  2726 | D:3      | Reached skill level 5 in Conjurations
  2726 | D:3      | Reached skill level 1 in Hexes
  2726 | D:3      | Reached XP level 6. HP: 31/49 MP: 4/12
  2866 | D:3      | Noticed Jessica
  2869 | D:3      | Killed Jessica
  2892 | D:3      | Found a faded altar of an unknown god.
  2913 | D:3      | Killed Natasha
  2914 | D:3      | Reached XP level 7. HP: 55/55 MP: 10/13
  3298 | D:3      | Noticed Natasha
  3304 | D:3      | Killed Natasha
  3305 | D:3      | Reached skill level 1 in Fire Magic
  3566 | D:3      | Noticed Natasha
  3573 | D:3      | Killed Natasha
  3668 | D:4      | Identified the +1 robe of Ilare {rF+ rC+ MP+9 Int-2}
  3790 | D:4      | Found an ancient bone altar of Kikubaaqudgha.
  3862 | D:4      | Found a sparkling altar of Nemelex Xobeh.
  3862 | D:4      | Found a basalt altar of Yredelemnul.
  3957 | D:4      | Found Tol Ywn's Tiny Tomes.
  4089 | D:4      | Found a hide-covered altar of Uskayaw.
  4089 | D:4      | Noticed a +0 spear
  4089 | D:4      | Noticed a +0 dagger
  4090 | D:4      | Noticed a +0 short sword
  4090 | D:4      | Noticed a +0 spear
  4090 | D:4      | Noticed a +0 short sword
  4091 | D:4      | Noticed a +0 falchion
  4092 | D:4      | Noticed a +0 falchion
  4093 | D:4      | Noticed a +0 dagger
  4286 | D:4      | Noticed Pikel
  4309 | D:4      | Killed Pikel
  4310 | D:4      | Reached skill level 5 in Fighting
  4310 | D:4      | Reached skill level 7 in Conjurations
  4310 | D:4      | Reached XP level 8. HP: 55/63 MP: 14/14
  4428 | D:5      | Entered Level 5 of the Dungeon
  4501 | D:5      | Reached skill level 1 in Stealth
  4673 | D:5      | Reached skill level 5 in Spellcasting
  4810 | D:5      | Reached skill level 8 in Conjurations
  4823 | D:5      | Found a radiant altar of Vehumet.
  4996 | D:5      | Found a runed translucent door.
  4997 | D:5      | Noticed LeprechaunX's ghost (novice OpSh)
  5122 | D:5      | Learned a level 3 spell: Dazzling Flash
  5127 | D:5      | Learned a level 4 spell: Fulminant Prism
  5450 | D:5      | Reached XP level 9. HP: 68/71 MP: 16/16
  5869 | D:5      | Killed LeprechaunX's ghost
  6220 | D:6      | Noticed Dowan
  6220 | D:6      | Noticed Duvessa
  6233 | D:6      | Killed Dowan
  6237 | D:6      | Killed Duvessa
  6238 | D:6      | Reached skill level 1 in Throwing
  6337 | D:6      | Found a blossoming altar of Fedhas.
  6547 | D:6      | Noticed Menkaure
  6556 | D:6      | Killed Menkaure
  6750 | D:6      | Found Ussa's Armour Shop.
  7178 | D:6      | HP: 2/71 [orc warrior/+0 glaive (4)]
  7180 | D:6      | Slain by an orc warrior

Illustrated notes

Levels and vault maps discovered:
D:1:      nagdon_arrival_zigzag_paths, layout_basic, corexii_leaking_fountain,
          hex_large, minmay_vboxes
D:2:      layout_loops_ring, uniq_terence, uniq_sigmund
D:3:      layout_loops_ring, nicolae_dithmenos_the_darkroom,
          mainiacjoe_overflow_chevrons,
          shapermc_ecumenical_altar_mp_urbaneastern, uniq_jessica, uniq_grinder,
          uniq_natasha
D:4:      layout_gridville, nicolae_uskayaw_en_pointe, marbit_many_paths,
          amethyst_overflow_temple_binary, nicolae_shop_i_like_small_books_too,
          uniq_pikel
D:5:      minmay_recursive_quarters, layout_loops_corners, fiery_altar_vehumet,
          gammafunk_ghost_grave
D:6:      layout_gridville, lemuel_coloured_pillars_altar,
          minmay_temple_entry_fiery, serial_shops, shop, uniq_menkaure,
          uniq_duvessa

Skill      XL: |  1  2  3  4  5  6  7  8  9 |
---------------+----------------------------+-----
Armour         | 1 |  1.0
Fighting       | 3 4 5 6 |  6.0
Necromancy     | 1 2 |  2.0
Air Magic      | 1 |  1.0
Spellcasting   | 3 4 5 6 |  6.0
Dodging        | 2 4 |  4.0
Conjurations   | 5 7 8 |  8.9
Hexes          | 1 2 |  2.0
Fire Magic     | 1 |  1.2
Evocations     | 2 4 |  4.0
Stealth        | 1 |  1.0
Throwing       | 1 |  1.0

Action                     |  1- 3 |  4- 6 |  7- 9 || total
---------------------------+-------+-------+-------++-------
  Melee: Dagger            |    11 |       |       ||    11
         Mace              |    41 |    44 |   123 ||   208
         Punch             |     1 |       |       ||     1
         Tailslap          |     2 |     7 |    25 ||    34
  Throw: Dart              |       |       |     3 ||     3
   Cast: Shock             |    29 |     5 |    12 ||    46
         Kiss of Death     |     2 |       |       ||     2
         Magic Dart        |       |    25 |   128 ||   153
         Searing Ray       |       |     9 |     3 ||    12
         Dazzling Flash    |       |       |     4 ||     4
         Fulminant Prism   |       |       |     1 ||     1
    Use: Scroll            |       |     2 |     4 ||     6
         Potion            |       |       |     3 ||     3
 Armour: Leather armour    |    32 |    27 |     6 ||    65
         Robe              |       |       |   105 ||   105
  Dodge: Dodged            |    25 |    44 |    92 ||   161

Table legend: (Time is in decaauts)
 A = Elapsed time spent in this place.
 B = Non-inter-level travel time spent in this place.
 C = Inter-level travel time spent in this place.
 D = Time resting spent in this place.
 E = Time spent auto-exploring this place.
 F = Levels seen in this place.
 G = Mean time per level.
                   A        B        C        D        E       F      G
               +--------+--------+--------+--------+--------+-----+--------+
         Total |   7246 |   6022 |   1224 |    850 |   3839 |   6 | 1207.7 |
       Dungeon |   7246 |   6022 |   1224 |    850 |   3839 |   6 | 1207.7 |
               +--------+--------+--------+--------+--------+-----+--------+

Top non-repeatable levels by time:
     D:5: 1688 daAuts
     D:3: 1452 daAuts
     D:1: 1213 daAuts
     D:2: 1096 daAuts
     D:6: 1050 daAuts
     D:4: 746 daAuts
